 Dungeon Crawl Stone Soup version 0.30-a0-4-ga7cffc901d (webtiles) character file.

Game seed: 11539757672290543748

421 Setbun the Sneak (level 7, -1/40 HPs)
             Began as a Kobold Enchanter on Aug 20, 2022.
             Was an Initiate of Wu Jian.
             Slain by an ice beast (10 damage)
             ... on level 5 of the Dungeon.
             The game lasted 00:07:01 (5730 turns).

Setbun the Sneak (Kobold Enchanter)                 Turns: 5730, Time: 00:07:02

Health: -1/40      AC:  2    Str:  6    XL:     7   Next: 16%
Magic:  10/12      EV: 16    Int: 16    God:    Wu Jian [......]
Gold:   163        SH:  0    Dex: 17    Spells: 9/12 levels left

rFire   . . .      SeeInvis .    a - +1 dagger
rCold   . . .      Faith    .    (no shield)
rNeg    + . .      Spirit   .    b - +0 robe
rPois   .          Reflect  .    (no helmet)
rElec   .          Harm     .    (no cloak)
rCorr   .          Rampage  .    (no gloves)
Will    .....                    (no boots)
Stlth   ++++......               (no amulet)
HPRegen 0.13/turn                i - ring of positive energy
MPRegen 0.13/turn                (no ring)

@: no status effects
A: small, no large weapons, nightstalker 3
a: Renounce Religion


You were on level 5 of the Dungeon.
You worshipped Wu Jian.
Wu Jian was noncommittal.
You visited 2 branches of the dungeon, and saw 6 of its levels.

You collected 163 gold pieces.

Inventory:

Hand Weapons
 a - a +1 dagger (weapon)
Armour
 b - a +0 robe (worn)
 e - an orb of wrath
Jewellery
 i - a ring of positive energy (left hand)
Scrolls
 d - 5 scrolls of identify {unknown}
 f - 2 scrolls of teleportation {unknown}
 h - a scroll of magic mapping {unknown}
 j - a scroll of enchant weapon {unknown}
 n - a scroll of amnesia {unknown}
Potions
 c - a potion of invisibility
 g - a potion of mutation {unknown}


   Skills:
 + Level 2.3 Fighting
 * Level 5.2 Short Blades
 + Level 3.7 Dodging
 + Level 5.3 Stealth
 + Level 3.4 Spellcasting
 + Level 4.0 Hexes


You had 9 spell levels left.
You knew the following spells:

 Your Spells              Type           Power      Damage    Failure   Level
a - Confusing Touch       Hex            15%        N/A       11%         3

Your spell library contained the following spells:

 Spells                   Type           Power      Damage    Failure   Level
 Tukima's Dance           Hex            15%        N/A       11%         3
 Ensorcelled Hibernation  Hex/Ice        18%        N/A       12%         2
 Apportation              Tloc           4%         N/A       19%         1
 Necrotise                Necr           8%         1d4       19%         1
 Summon Small Mammal      Summ           8%         N/A       19%         1
 Dazzling Flash           Conj/Hex       18%        N/A       24%         3
 Portal Projectile        Hex/Tloc       18%        N/A       24%         3
 Blink                    Tloc           4%         N/A       26%         2
 Call Canine Familiar     Summ           2%         N/A       47%         3
 Lesser Beckoning         Tloc           2%         N/A       47%         3
 Leda's Liquefaction      Hex/Erth       4%         N/A       61%         4
 Iskenderun's Mystic Bla  Conj/Tloc      2%         2d3       87%         4
 Manifold Assault         Tloc           2%         N/A       99%         5
 Summon Forest            Summ/Tloc      1%         N/A       99%         5


Dungeon Overview and Level Annotations

Branches:
Dungeon (5/15)             Temple (1/1) D:4

Altars:
Cheibriados
Elyvilon
Fedhas
Gozag
Hepliaklqana
Makhleb
Nemelex Xobeh
Okawaru
Qazlal
Sif Muna
Uskayaw
Wu Jian
Xom
Yredelemnul
The Shining One

Shops:
D:4 [


Innate Abilities, Weirdness & Mutations

You are small and have problems with some larger weapons.
You are completely attuned to the shadows.


Message History

You see here a +0 robe.
Done exploring.
Done exploring.
Done exploring.
No target in view!
Done exploring.
Done exploring.
(D) Dungeon (T) Temple
Where to? (Enter - Temple @ (x,y), ? - help)
Things that are here:
a +0 club; 4 stones
There is a stone staircase leading down here.
You climb downwards.
Found 19 gold pieces.
There is a stone staircase leading up here.
You now have 163 gold pieces (gained 19).
An ice beast comes into view.
An ice beast is nearby!
An ice beast is nearby!
No target in view!
Casting: Confusing Touch (dangerous; 11% risk of failure)
Confirm with . or Enter, or press ? or * to list all spells.
Your hands begin to glow red.
You hit the ice beast but do no damage. You hit the ice beast but do no damage.
The ice beast hits you. The ice beast freezes you!
You hit the ice beast but do no damage.
The ice beast appears confused.
The ice beast hits you. The ice beast freezes you!
* * * LOW HITPOINT WARNING * * *
You hit the ice beast but do no damage.
You catch the helpless ice beast completely off-guard!
You impale the ice beast!!
The ice beast is severely wounded.
The ice beast barely misses you.
You hit the ice beast.
The ice beast is almost dead.
The ice beast hits you.
* * * LOW HITPOINT WARNING * * *
The ice beast freezes you!
You die...

#.# ###.### #....<#
#.....# #.....##
#......## #.......#
###### #.....#.#
#Y...#.
#######.######.@....
#...........##
#######.....#
##....# #....#
######


You could see an ice beast (confused).

Vanquished Creatures
  An ogre (D:3)
  2 scorpions (D:4)
  A hound (D:3)
  An iguana (D:4)
  3 gnolls (D:3)
  5 adders
  A worm (D:3)
  4 dart slugs
  4 orcs
  6 ball pythons
  5 bats
  6 endoplasms
  4 giant cockroaches
  8 goblins
  7 hobgoblins
  2 jackals (D:4)
  10 kobolds
  5 quokkas
  A frilled lizard (D:1)
  4 rats
80 creatures vanquished.

Notes
Turn   | Place    | Note
-------+----------+-------------------------------------------
     0 | D:1      | Setbun the Kobold Enchanter began the quest for the Orb.
     0 | D:1      | Reached XP level 1. HP: 10/10 MP: 3/3
    85 | D:1      | Reached XP level 2. HP: 15/15 MP: 5/5
   271 | D:1      | Reached XP level 3. HP: 20/20 MP: 6/6
  1052 | D:1      | Learned a level 3 spell: Confusing Touch
  1149 | D:1      | Found a faded altar of an unknown god.
  1262 | D:2      | Got the Disquisition on Coordinates
  1337 | D:2      | Reached skill level 1 in Fighting
  1337 | D:2      | Reached XP level 4. HP: 25/25 MP: 7/7
  2032 | D:2      | HP: 1/25 [orc/+0 flail (8)]
  2528 | D:3      | Noticed an ogre
  2552 | D:3      | HP: 1/25 [worm (8)]
  2856 | D:3      | Killed an ogre
  2857 | D:3      | Reached XP level 5. HP: 30/30 MP: 5/9
  3084 | D:3      | Reached XP level 6. HP: 29/35 MP: 10/10
  3737 | D:3      | Reached skill level 5 in Stealth
  3910 | D:4      | Found a staircase to the Ecumenical Temple.
  4251 | Temple   | Entered the Ecumenical Temple
  4510 | Temple   | Became a worshipper of the Wu Jian Council
  5086 | D:4      | Found a hide-covered altar of Uskayaw.
  5088 | D:4      | Noticed a +0 dagger
  5089 | D:4      | Noticed a +0 short sword
  5089 | D:4      | Noticed a +0 spear
  5089 | D:4      | Noticed a +0 dagger
  5090 | D:4      | Noticed a +0 falchion
  5101 | D:4      | Noticed a +0 falchion
  5101 | D:4      | Noticed a +0 spear
  5101 | D:4      | Noticed a +0 short sword
  5430 | D:4      | Found Ra's Dragon-Slaying Spoils.
  5545 | D:4      | Reached skill level 5 in Short Blades
  5545 | D:4      | Reached XP level 7. HP: 40/40 MP: 10/12
  5699 | D:5      | Entered Level 5 of the Dungeon
  5730 | D:5      | Slain by an ice beast

Illustrated notes

Levels and vault maps discovered:
D:1:      wheals_arrival_shading, layout_basic, shapermc_ecumenical_altar_petra
D:2:      layout_loops_ring
D:3:      layout_rooms
D:4:      layout_loops_ring, nicolae_uskayaw_en_pointe,
          minmay_temple_entry_stoned_glass, st_stairs_4, hex_large,
          nicolae_shop_dragon_depot
D:5:      layout_rooms, zin_treasury, kennysheep_little_box,
          minmay_manual_monolith
Temple:   nicolae_temple_slightly_damp_pantheon

Skill      XL: |  1  2  3  4  5  6  7 |
---------------+----------------------+-----
Short Blades   | 2 3 4 5 |  5.2
Fighting       | 1 2 |  2.3
Dodging        | 3 |  3.7
Spellcasting   | 3 |  3.4
Stealth        | 5 |  5.3
Hexes          | 4 |  4.0

Action                   |  1- 3 |  4- 6 |  7- 9 || total
-------------------------+-------+-------+-------++-------
Melee: Dagger            |    62 |   172 |    18 ||   252
       Punch             |       |     5 |       ||     5
 Cast: Confusing Touch   |       |     5 |     1 ||     6
Invok: Lunge             |       |     3 |     1 ||     4
  Use: Potion            |       |     7 |       ||     7
 Stab: Sleeping          |    17 |    16 |     1 ||    34
       Confused          |       |     4 |     1 ||     5
       Distracted        |       |     2 |       ||     2
       Invisible         |       |     3 |       ||     3
Armor: Robe              |    12 |    15 |     2 ||    29
       Skin              |       |    29 |       ||    29
Dodge: Dodged            |    24 |   133 |     9 ||   166

Table legend: (Time is in decaauts)
 A = Elapsed time spent in this place.
 B = Non-inter-level travel time spent in this place.
 C = Inter-level travel time spent in this place.
 D = Time resting spent in this place.
 E = Time spent auto-exploring this place.
 F = Levels seen in this place.
 G = Mean time per level.
                   A        B        C        D        E       F      G
               +--------+--------+--------+--------+--------+-----+--------+
         Total |   5756 |   5488 |    268 |   2063 |   2745 |   6 |  959.3 |
       Dungeon |   5477 |   5268 |    209 |   2063 |   2542 |   5 | 1095.4 |
        Temple |    278 |    219 |     59 |      0 |    203 |   1 |  278.0 |
               +--------+--------+--------+--------+--------+-----+--------+

Top non-repeatable levels by time:
     D:2: 1777 daAuts
     D:4: 1509 daAuts
     D:1: 1257 daAuts
     D:3: 904 daAuts
  Temple: 278 daAuts
     D:5: 29 daAuts
